 Dungeon Crawl Stone Soup version 0.01-2087-gb5e28fc70b (webtiles) character file.

Game seed: 162913324695496461, levelgen mode: deterministic

82 funkygono the Unbeliever (level 4, -2/37 HPs) Hill Orc Demonspawn. Began on June 3, 2020. Slain by a gnoll ... wielding a +0 halberd (11 damage) ... on level 2 of the Dungeon. The game lasted 00:03:40 (1264 turns).

funkygono the Unbeliever (Hill Orc Demonspawn)      Turns: 1264, Time: 00:03:41

Health: -2/37      AC:  3    Str: 17    XL:     4 ^: 47
Magic:  5/7        EV: 11    Int: 12    God:
Gold:   26         SH:  4    Dex: 10    Spells: 2/7 levels left

rFire    . . .     Vision   .   a - +0 war axe
rCold    . . .     Gourm    .   i - +0 buckler {reflect} (curse) {(Curse: MR-)}
rNeg     . . .     Faith    .   b - +0 leather armour
rPois    .         Spirit   .   (no helmet)
rElec    .         Reflect  +   (no cloak)
rCorr    .         Harm     .   (no gloves)
MR       .....                  (no boots)
Stlth    ++........             (no amulet)
HPRegen  0.22/turn              (no ring)
MPRegen  0.17/turn              (no ring)

@: no status effects
A: claws 1, nightstalker 1
a: no special abilities


You were on level 2 of the Dungeon.
You were not hungry.

You visited 1 branch of the dungeon, and saw 2 of its levels.

You collected 26 gold pieces.

Inventory:

Weapons
 a - a +0 war axe (weapon) Shields
 i - a cursed +0 buckler of reflection (shield) {(Curse: MR-)}
Armour
 b - a +0 leather armour (worn)
Jewellery
 j - a cursed ring of stealth {(Curse: rF-)}
Scrolls
 c - a scroll of magic mapping
 g - a scroll of blinking
 h - 2 scrolls of teleportation
Potions
 e - a potion of might
Comestibles
 d - 3 rations
 f - 3 chunks of flesh


   Skills:
 + Level 2.6 Fighting
 + Level 3.4 Axes & Hammers
 + Level 0.4 Armour
 + Level 2.9 Dodging
 + Level 1.8 Stealth
 + Level 0.1 Shields
 + Level 2.0 Spellcasting
 + Level 0.7 Summonings
 + Level 0.5 Fire Magic
   Level 3.6 Invocations


You had 2 spell levels left.
You knew the following spells:

 Your Spells              Type           Power        Failure   Level  Hunger
a - Flame Tongue          Fire           2 (40)       36%         1    ##.....
b - Call Imp              Summ           3 (100)      47%         2    ###....
c - Slow                  Hex            1 (100)      58%         2    ###....

Your spell library contained the following spells:

 Spells                   Type           Power        Failure   Level  Hunger
 Blink                    Tloc           N/A          58%         2    ###....
 Conjure Flame            Fire           2 (100)      75%         3    ####...
 Mephitic Cloud           Pois/Air       1 (100)      82%         3    ####...


Dungeon Overview and Level Annotations

Branches:
Dungeon (2/8)

Altars:


Innate Abilities, Weirdness & Mutations

You have sharp fingernails. (+2 Unarmed)
You are slightly more attuned to the shadows.


Message History

Casting: Flame Tongue (safe; 36% risk of failure)
Confirm with . or Enter, or press ? or * to list all spells.
Aiming: Flame Tongue (safe; 36% risk of failure)
Press: ? - help, Shift-Dir - straight line, f/p - gnoll
Aim: a gnoll, wielding a +0 halberd (moderately wounded (10/14))
The flame tongue hits the gnoll (4).
The gnoll is heavily wounded. (6/14) HP
Casting: Flame Tongue (safe; 36% risk of failure)
Confirm with . or Enter, or press ? or * to list all spells.
Aiming: Flame Tongue (safe; 36% risk of failure)
Press: ? - help, Shift-Dir - straight line, f/p - gnoll
Aim: a gnoll, wielding a +0 halberd (heavily wounded (6/14))
The flame tongue hits the gnoll (4).
The gnoll is almost dead. (2/14) HP The gnoll hits you from afar with a +0 halberd (13)!
The gnoll hits you with a +0 halberd (15)!
* * * LOW HITPOINT WARNING * * *
You barely miss the gnoll.
The gnoll hits you with a +0 halberd (11)!
You die...

#.. .# ###.# #.#
....#.# #)####.#.#.#
#....<...#.#
###.####.#.#
#####...÷....#.######
.....................
.......####.##.##.#.
###....#<@g.##.# #.#
##....#######g## #.#
........)..###.##.#.#
.......###.....# .#.##
###.....##.g#### ...
###....#..#######†#
#....#)..†....#.#
##....#...####.#.##...
......).#)###.......#


You could see a gnoll.

Vanquished Creatures
  2 gnolls
  An adder (D:2)
  A dart slug (D:1)
  2 leopard geckos (D:1)
  7 bats
  4 giant cockroaches
  6 goblins
  6 hobgoblins
  A frilled lizard (D:1)
  5 kobolds
  3 rats (D:1)
38 creatures vanquished.

Vanquished Creatures (collateral kills)
  A worm (D:2)
  A goblin (D:2)
  A rat (D:2)
3 creatures vanquished.

Grand Total: 41 creatures vanquished

Notes
Turn   | Place    | Note
-------+----------+-------------------------------------------
     0 | D:1      | funkygono the Hill Orc Demonspawn began the quest for the
                  | Orb.
     0 | D:1      | Reached XP level 1. HP: 18/18 MP: 3/3
   128 | D:1      | Gained mutation: You are slightly more attuned to the
                  | shadows. [demonic ancestry]
   128 | D:1      | Reached XP level 2. HP: 20/25 MP: 4/4
   421 | D:1      | Gained mutation: You have sharp fingernails. (+2 Unarmed)
                  | [demonic ancestry]
   421 | D:1      | Reached XP level 3. HP: 30/30 MP: 5/5
   428 | D:1      | Learned a level 2 spell: Call Imp
   431 | D:1      | Learned a level 2 spell: Slow
  1036 | D:2      | Reached XP level 4. HP: 28/37 MP: 3/6
  1098 | D:2      | HP: 1/37 [gnoll (8)]
  1264 | D:2      | Slain by a gnoll

Levels and vault maps discovered:
D:1:      dpeg_arrival_shelter, layout_basic
D:2:      layout_basic, lemuel_round_altar, bcadren_lemuel_inverted_doored_altar

Skill      XL: |  1  2  3  4 |
---------------+-------------+-----
Axes & Hammers | 3 |  3.4
Spellcasting   | 2 |  2.0
Fighting       | |  2.6
Armour         | |  0.4
Dodging        | |  2.9
Stealth        | |  1.8
Shields        | |  0.1
Summonings     | |  0.7
Fire Magic     | |  0.5
Invocations    | |  3.6

Action                   |  1- 3 |  4- 6 || total
-------------------------+-------+-------++-------
Melee: War axe           |    58 |    16 ||    74
       Unarmed           |    17 |       ||    17
 Cast: Flame Tongue      |     5 |     6 ||    11
       Call Imp          |     2 |       ||     2
 Stab: Sleeping          |     8 |       ||     8
  Eat: Chunk             |     1 |     1 ||     2
Armor: Leather armour    |    11 |       ||    11
Dodge: Dodged            |    70 |    20 ||    90
Block: Buckler           |     4 |     2 ||     6
       Reflection        |     1 |       ||     1
